 Dungeon Crawl Stone Soup version 0.19.4 (webtiles) character file.

7928 Wabbit the Cleaver (level 11, -1/95 HPs)
             Began as a Minotaur Berserker on Jan 31, 2017.
             Was a High Priest of Trog.
             Slain by Snorg (3 damage)
             ... on level 11 of the Dungeon on Feb 2, 2017.
             The game lasted 00:57:10 (7502 turns).

Wabbit the Cleaver (Minotaur Berserker)             Turns: 7502, Time: 00:57:10

Health: -1/95      AC: 17    Str: 29    XL:     11   Next: 3%
Magic:  19/19      EV: 12    Int:  1    God:    Trog [*****.]
Gold:   516        SH:  0    Dex: 19    Spells: 0 memorised, 10 levels left

rFire  . . .     SeeInvis .     K - +10 hand axe "Qetaukur" {drain, MP+9 Int-3 Dex+8}
rCold  + . .     Gourm    .     f - +3 chain mail {rC+}
rNeg   . . .     Faith    .     (no shield)
rPois  .         Spirit   .     (helmet restricted)
rElec  .         Reflect  .     (no cloak)
rCorr  .         Harm     .     (no gloves)
MR     .....                    (no boots)
Stlth  ..........               R - amulet of regeneration
                                (no ring)
                                (no ring)

@: mighty
A: retaliatory headbutt, horns 2, slimy green scales 1
a: Berserk, Trog's Hand, Brothers in Arms, Burn Spellbooks, Renounce Religion


You were on level 11 of the Dungeon.
You worshipped Trog.
Trog was extremely pleased with you.
You were hungry.

You visited 1 branch of the dungeon, and saw 10 of its levels.

You collected 516 gold pieces.

Inventory:

Hand Weapons
 h - a cursed -1 hand axe
 o - a +4 hand axe of freezing
 p - a +2 dire flail of protection
 r - a +2 mace of protection
 s - a +1 dagger of holy wrath
 C - a cursed +1 dire flail
 K - the +10 hand axe "Qetaukur" (weapon) {drain, MP+9 Int-3 Dex+8}
   (You found it on level 5 of the Dungeon)

   A truly terrible weapon, it drains the life of those it strikes.
   It affects your intelligence (-3).
   It affects your dexterity (+8).
   It affects your magic capacity (+9).
 U - a +0 scythe
 Y - a +4 spear
Armour
 f - a +3 chain mail of cold resistance (worn)
 u - a +2 robe of fire resistance
Jewellery
 x - a +3 amulet of reflection
 H - an uncursed amulet of harm {unknown}
 Q - an uncursed ring of fire {unknown}
 R - an amulet of regeneration (around neck)
 V - an uncursed ring of fire {unknown}
Wands
 b - a wand of flame (20/48)
 g - a wand of slowing (18/48)
 l - a wand of digging (13/24)
 n - a wand of polymorph (13/24)
 w - a wand of iceblast (11/15)
 z - a wand of teleportation (3/9)
 M - a wand of slowing (23/48)
 W - a wand of confusion (23/48)
Scrolls
 d - 2 scrolls of magic mapping
 e - 2 scrolls of teleportation
 v - 3 scrolls of blinking
 y - 4 scrolls of identify
 A - a scroll of fear {unknown}
 B - a scroll of noise {unknown}
 D - 3 scrolls of remove curse {unknown}
 E - a scroll of immolation {unknown}
 F - 2 scrolls of enchant weapon {unknown}
 G - 2 scrolls of enchant armour {unknown}
 J - a scroll of recharging
 L - 2 scrolls of fog {unknown}
 T - a scroll of amnesia {unknown}
Potions
 k - a potion of cancellation
 q - 2 potions of lignification
 t - 2 potions of brilliance
 I - 5 potions of curing
 N - a potion of agility
 S - 2 potions of flight
Comestibles
 a - 5 fruits
 c - a slice of pizza
 j - 6 bread rations
 X - 2 meat rations


   Skills:
 + Level 8.7 Fighting
 + Level 11.7(12.7) Axes
 + Level 8.4(11.1) Maces & Flails
 + Level 11.3 Armour
 + Level 4.5 Dodging
 + Level 0.8 Stealth
 + Level 1.9 Unarmed Combat


You had 10 spell levels left.
You didn't know any spells.

Dungeon Overview and Level Annotations

Branches:
Dungeon (11/15)            Temple (0/1) D:5            Lair (0/6) D:10
    Orc (0/2) D:9

Altars:
Ashenzari
Cheibriados
Elyvilon
Fedhas
Makhleb
Nemelex Xobeh
Okawaru
Trog
Yredelemnul
The Shining One

Shops:
D:9 }   D:11 :

Annotations:
D:11 Snorg


Innate Abilities, Weirdness & Mutations

You reflexively headbutt those who attack you in melee.
You have a pair of horns on your head.
You are partially covered in slimy green scales. (AC +2)


Message History

* * * LOW HITPOINT WARNING * * *
Snorg claws you but does no damage. Snorg barely misses you.
You furiously retaliate!
You headbutt Snorg! Snorg closely misses you. Snorg misses you.
Snorg bites you but does no damage. Snorg barely misses you. Snorg claws you.
* * * LOW HITPOINT WARNING * * *
It was a potion of beneficial mutation.
Slimy green scales grow over part of your body.
You feel fantastic! Snorg barely misses you.
Snorg claws you but does no damage. Snorg barely misses you.
You feel better. Snorg misses you. You furiously retaliate!
You headbutt Snorg! Snorg claws you.
* * * LOW HITPOINT WARNING * * *
Snorg claws you but does no damage. Snorg bites you.
* * * LOW HITPOINT WARNING * * *
Snorg claws you.
* * * LOW HITPOINT WARNING * * *
Snorg claws you but does no damage. Snorg closely misses you. Snorg claws you.
You die...

#.............#.#.##......#
####........##................
#...........+.....#[.#...(....
#........# #............## #'#
##...###>....# ####.######
##.<........# #.........#
#..........#
##.######T#####.#####.#### #.
#.@..>..# #.# # #.####### #.#
#.# #.# #.# #.# #.# #.# #.#
### ###


You could see Snorg (berserk).

Vanquished Creatures
  The ghost of baghtru the Cleaver, a novice HOFi of the Shining One (D:10)
  A manticore (D:10)
  A centaur zombie (D:11)
  Joseph (D:9)
  Psyche (D:10)
  A kobold demonologist (D:11)
  A hornet (D:11)
  A hippogriff (D:11)
  Sigmund (D:3)
  A shadow (D:10)
  12 yaks
  3 wargs (D:9)
  Edmund (D:5)
  Duvessa (D:5)
  An ice beast (D:5)
  An orc warrior (D:10)
  5 ogres
  2 sky beasts
  A centaur (D:6)
  A bullfrog (D:10)
  A wyvern skeleton (D:10)
  Dowan (D:5)
  11 killer bees
  6 wights
  2 howler monkeys
  A crimson imp (D:6)
  A jelly (D:6)
  4 hounds
  5 orc priests
  5 orc wizards
  A bullfrog skeleton (D:5)
  A centaur skeleton (D:4)
  Ijyb (D:2)
  4 worker ants
  Terence (D:3)
  A hound zombie (D:6)
  3 gnolls (D:6)
  10 adders
  A shadow imp (D:5)
  2 worms
  2 dart slugs
  5 leopard geckos
  24 orcs
  2 ball pythons
  3 giant cockroaches
  7 goblins
  9 hobgoblins
  8 jackals
  6 kobolds
  5 quokkas
  9 bats
  3 frilled lizards
  A jackal zombie (D:5)
  11 rats
195 creatures vanquished.

Notes
Turn   | Place    | Note
-------+----------+-------------------------------------------
     0 | D:1      | Wabbit the Minotaur Berserker began the quest for the Orb.
     0 | D:1      | Reached XP level 1. HP: 19/19 MP: 0/0
   368 | D:1      | Reached XP level 2. HP: 27/27 MP: 1/1
   956 | D:2      | Noticed Ijyb
   980 | D:2      | Killed Ijyb
   980 | D:2      | Reached XP level 3. HP: 13/33 MP: 2/2
  1423 | D:2      | Found a faded altar of an unknown god.
  1573 | D:2      | Reached XP level 4. HP: 20/41 MP: 3/3
  1605 | D:2      | Reached ** piety under Trog
  1619 | D:2      | Noticed a moth of wrath
  1621 | D:2      | Found a bloodstained altar of Trog.
  2122 | D:3      | Found a shattered altar of Ashenzari.
  2129 | D:3      | Noticed Terence
  2135 | D:3      | Killed Terence
  2135 | D:3      | Reached skill level 5 in Maces & Flails
  2430 | D:3      | Reached XP level 5. HP: 47/47 MP: 4/4
  2887 | D:3      | Noticed Sigmund
  2893 | D:3      | Killed Sigmund
  2893 | D:3      | Reached skill level 5 in Fighting
  2893 | D:3      | Reached XP level 6. HP: 56/56 MP: 5/5
  3227 | D:4      | Reached skill level 5 in Armour
  3248 | D:4      | Found a sparkling altar of Nemelex Xobeh.
  3691 | D:4      | Reached *** piety under Trog
  3819 | D:5      | Entered Level 5 of the Dungeon
  3821 | D:5      | Noticed a sky beast
  3834 | D:4      | Reached XP level 7. HP: 23/61 MP: 6/6
  4115 | D:5      | Noticed Duvessa
  4115 | D:5      | Noticed Dowan
  4122 | D:5      | Killed Dowan
  4148 | D:5      | Killed Duvessa
  4197 | D:5      | Found a white marble altar of Elyvilon.
  4232 | D:5      | Got a translucent hand axe
  4233 | D:5      | Identified the +10 hand axe "Qetaukur" {drain, MP+9 Int-3 Dex+8} (You found it on level 5 of the Dungeon)
  4324 | D:5      | Found a staircase to the Ecumenical Temple.
  4403 | D:5      | Reached XP level 8. HP: 54/69 MP: 7/7
  4452 | D:5      | Found a burning altar of Makhleb.
  4458 | D:5      | Noticed Edmund
  4467 | D:5      | Killed Edmund
  4467 | D:5      | Reached skill level 1 in Axes
  4698 | D:5      | Found a blossoming altar of Fedhas.
  5116 | D:6      | Found a glowing golden altar of the Shining One.
  5530 | D:7      | You fall through a shaft for 3 floors!
  5530 | D:10     | Entered Level 10 of the Dungeon
  5577 | D:9      | Reached **** piety under Trog
  5604 | D:9      | Reached skill level 5 in Axes
  5604 | D:9      | Reached XP level 9. HP: 78/78 MP: 8/8
  5655 | D:9      | Found a staircase to the Orcish Mines.
  5735 | D:9      | Found Nuonuq's Gadget Shop.
  6044 | D:9      | Found a snail-covered altar of Cheibriados.
  6046 | D:9      | Found an iron altar of Okawaru.
  6129 | D:9      | Found a basalt altar of Yredelemnul.
  6295 | D:9      | Noticed Joseph
  6309 | D:9      | Killed Joseph
  6454 | D:10     | Reached XP level 10. HP: 67/86 MP: 9/9
  6513 | D:10     | Noticed baghtru's ghost (novice HOFi)
  6545 | D:10     | Killed baghtru's ghost
  6673 | D:10     | Noticed Psyche
  6690 | D:10     | Reached skill level 10 in Axes
  6690 | D:10     | Reached skill level 10 in Armour
  6777 | D:10     | Killed Psyche
  6777 | D:10     | Reached skill level 1 in Unarmed Combat
  6866 | D:10     | Noticed a manticore
  6873 | D:10     | Killed a manticore
  6929 | D:10     | Found a staircase to the Lair.
  7297 | D:11     | Reached ***** piety under Trog
  7368 | D:11     | Found Qigeg's Book Boutique.
  7473 | D:11     | Noticed Snorg
  7484 | D:11     | Reached XP level 11. HP: 95/95 MP: 10/10
  7496 | D:11     | HP: 2/95 [Snorg (7)]
  7499 | D:11     | Gained mutation: You are partially covered in slimy green scales. (AC +2) [potion of beneficial mutation]
  7502 | D:11     | Slain by Snorg

Skill      XL: |  1  2  3  4  5  6  7  8  9 10 |
---------------+-------------------------------+-----
Maces & Flails | 4 5 6 7 8 |  8.4
Fighting       | 4 5 6 7 8 |  8.7
Armour         | 3 4 5 7 8 9 11 | 11.3
Dodging        | 3 4 |  4.5
Axes           | 5 9 11 | 11.7
Unarmed Combat | 1 |  1.9
Stealth        | |  0.8

Action                   |  1- 3 |  4- 6 |  7- 9 | 10-12 || total
-------------------------+-------+-------+-------+-------++-------
Melee: Mace              |    66 |   105 |       |       ||   171
       Headbutt          |     6 |    22 |    46 |    40 ||   114
       Flail             |       |    31 |    37 |       ||    68
       Hand axe          |       |       |   153 |   120 ||   273
       Unarmed           |       |       |     6 |       ||     6
Invok: Berserk           |       |     2 |       |       ||     2
  Use: Scroll            |       |     9 |     2 |       ||    11
       Potion            |       |       |     7 |     5 ||    12
  Eat: Bread ration      |     1 |     1 |     1 |       ||     3
       Pizza             |       |     1 |       |       ||     1
       Fruit             |       |       |     4 |       ||     4
       Chunk             |       |       |     2 |     2 ||     4
Armor: Animal skin       |     6 |       |       |       ||     6
       Chain mail        |    11 |    83 |    72 |    60 ||   226
       Skin              |       |       |     2 |       ||     2
Dodge: Dodged            |    44 |    94 |    92 |    72 ||   302
